PL
FT. WORTH CATTLEMEN @ VANCOUVER GREY WOLVES
09/23/2024
 
TOP OF THE 1ST
Ft. Worth Cattlemen batting - Pitching for Vancouver Grey Wolves : RHP Willie Cameron
Pitching: RHP Willie Cameron
Batting: RHB Joey Morgan 0-0: Called Strike
0-1: Hit by Pitch
Batting: RHB Matt Sheppard 0-0: Called Strike
0-1: Foul Ball, location: 2F
0-2: Ball
1-2: Ball
Joey Morgan is caught stealing 2nd base
2-2: SINGLE (Flyball, 9S)
Batting: RHB Bart Lewis 0-0: Ball
1-0: SINGLE (Line Drive, 4M)
Matt Sheppard to second
Batting: RHB Enrique Pérez 0-0: Grounds into double play, 6-4-3 (Groundball, 6)
Top of the 1st over - 0 run(s), 2 hit(s), 0 error(s), 1 left on base; Ft. Worth 0 - Vancouver 0
BOTTOM OF THE 1ST
Vancouver Grey Wolves batting - Pitching for Ft. Worth Cattlemen : RHP Makoto Kato
Pitching: RHP Makoto Kato
Batting: SHB Gregg Wagner 0-0: Ball
1-0: Called Strike
1-1: Ball
2-1: Ball
3-1: Base on Balls
Batting: LHB José Alonso 0-0: Fielders Choice at 2nd, 4-6 (Groundball, 4)
Batting: LHB Héctor Cortéz 0-0: Swinging Strike
0-1: Fielders Choice at 2nd, 1-6 (Groundball, 15S)
Batting: LHB Min-heui Im 0-0: Called Strike
0-1: Reached on error, E5 (Groundball, 56S)
Héctor Cortéz to second
Batting: LHB David Hubbard 0-0: Called Strike
0-1: SINGLE (Line Drive, 89M)
Héctor Cortéz to third
Min-heui Im to second
Runner from 3rd tries for Home, throw and OUT!
Bottom of the 1st over - 0 run(s), 1 hit(s), 1 error(s), 2 left on base; Ft. Worth 0 - Vancouver 0
TOP OF THE 2ND
Ft. Worth Cattlemen batting - Pitching for Vancouver Grey Wolves : RHP Willie Cameron
Batting: LHB Ryan Westlake 0-0: Ball
1-0: Ball
2-0: Foul Ball, location: 2F
2-1: Ball
3-1: Fly out, F8 (Flyball, 8LXD)
Batting: RHB Júlio Maldonado 0-0: Called Strike
0-1: Swinging Strike
0-2: Ball
1-2: Strikes out swinging
Batting: SHB Robby Day 0-0: Ball
1-0: Ball
2-0: Ball
3-0: Called Strike
3-1: Base on Balls
Batting: RHB Jorge Rosa 0-0: Called Strike
Robby Day steals 2nd base
0-1: Ball
1-1: Ball
2-1: Fly out, F8 (Flyball, 8LXD)
Top of the 2nd over - 0 run(s), 0 hit(s), 0 error(s), 1 left on base; Ft. Worth 0 - Vancouver 0
BOTTOM OF THE 2ND
Vancouver Grey Wolves batting - Pitching for Ft. Worth Cattlemen : RHP Makoto Kato
Batting: RHB Travis Newsome 0-0: Ball
1-0: Ball
2-0: Ball
3-0: Base on Balls
Batting: RHB Tony Farquharson 0-0: Ball
1-0: Foul Ball, location: 2F
1-1: Ball
2-1: Ball
3-1: Foul Ball, location: 2F
3-2: 2-RUN HOME RUN (Flyball, 78XD), Distance : 373 ft
Batting: LHB Emílio Barbán 0-0: Ball
1-0: Foul Ball, location: 2F
1-1: Swinging Strike
1-2: Foul Ball, location: 2F
1-2: Ball
2-2: Strikes out swinging
Batting: RHB Danny Walsh 0-0: Ball
1-0: Foul Ball, location: 2F
1-1: Fly out, F2 (Popup, 2RF)
Batting: SHB Gregg Wagner 0-0: Fly out, F7 (Flyball, 7S)
Bottom of the 2nd over - 2 run(s), 1 hit(s), 0 error(s), 0 left on base; Ft. Worth 0 - Vancouver 2
TOP OF THE 3RD
Ft. Worth Cattlemen batting - Pitching for Vancouver Grey Wolves : RHP Willie Cameron
Batting: RHB Alan Elder 0-0: Called Strike
0-1: Ball
1-1: Fly out, F7 (Line Drive, 78M)
Batting: RHB Joey Morgan 0-0: SINGLE (Flyball, 7LS)
Batting: RHB Matt Sheppard 0-0: Foul Ball, location: 2F
0-1: Foul Ball, location: 2F
0-2: Ball
1-2: Fly out, F7 (Flyball, 78M)
Batting: RHB Bart Lewis 0-0: Ground out 5-3 (Groundball, 56)
Top of the 3rd over - 0 run(s), 1 hit(s), 0 error(s), 1 left on base; Ft. Worth 0 - Vancouver 2
BOTTOM OF THE 3RD
Vancouver Grey Wolves batting - Pitching for Ft. Worth Cattlemen : RHP Makoto Kato
Batting: LHB José Alonso 0-0: Foul Ball, location: 2F
0-1: Ball
1-1: Foul Ball, location: 2F
1-2: SOLO HOME RUN (Flyball, 89XD), Distance : 373 ft
Batting: LHB Héctor Cortéz 0-0: Foul Ball, location: 2F
0-1: Foul Ball, location: 2F
0-2: Ball
1-2: Ball
2-2: Fly out, F8 (Flyball, 89D)
Batting: LHB Min-heui Im 0-0: Called Strike
0-1: Ball
1-1: Foul Ball, location: 2F
1-2: Ground out 4-3 (Groundball, 4)
Batting: LHB David Hubbard 0-0: Foul Ball, location: 2F
0-1: Swinging Strike
0-2: SINGLE (Groundball, 34D)
Batting: RHB Travis Newsome 0-0: Foul Ball, location: 2F
0-1: Ball
1-1: Ball
2-1: Foul Ball, location: 2F
2-2: Ground out 6-3 (Groundball, 6)
Bottom of the 3rd over - 1 run(s), 2 hit(s), 0 error(s), 1 left on base; Ft. Worth 0 - Vancouver 3
TOP OF THE 4TH
Ft. Worth Cattlemen batting - Pitching for Vancouver Grey Wolves : RHP Willie Cameron
Batting: RHB Enrique Pérez 0-0: Fly out, F8 (Flyball, 8RM)
Batting: LHB Ryan Westlake 0-0: Called Strike
0-1: Called Strike
0-2: Ball
1-2: Foul Ball, location: 2F
1-2: Ball
2-2: Ball
3-2: Fly out, F7 (Flyball, 78M)
Batting: RHB Júlio Maldonado 0-0: Called Strike
0-1: Ball
1-1: Ball
2-1: Swinging Strike
2-2: Strikes out looking
Top of the 4th over - 0 run(s), 0 hit(s), 0 error(s), 0 left on base; Ft. Worth 0 - Vancouver 3
BOTTOM OF THE 4TH
Vancouver Grey Wolves batting - Pitching for Ft. Worth Cattlemen : RHP Makoto Kato
Batting: RHB Tony Farquharson 0-0: Called Strike
0-1: SINGLE (Line Drive, 34)
Batting: LHB Emílio Barbán 0-0: Called Strike
0-1: Called Strike
0-2: SINGLE (Line Drive, 89S)
Tony Farquharson to second
Batting: RHB Danny Walsh 0-0: SINGLE (Flyball, 9S)
Tony Farquharson to third
Emílio Barbán to second
Runner from 3rd tries for Home, SAFE, throw made home
Emílio Barbán to third
Danny Walsh to second
Batting: SHB Gregg Wagner 0-0: Ball
1-0: Ball
2-0: Ball
3-0: Base on Balls
Batting: LHB José Alonso 0-0: Fly out, F7 (Flyball, 7M)
Runner from 3rd tags up, SCORES, throw made
Pitching: RHP Don Miller
Batting: LHB Héctor Cortéz 0-0: Called Strike
0-1: Swinging Strike
0-2: Ball
1-2: SINGLE (Line Drive, 4M)
Danny Walsh to third
Gregg Wagner to second
Runner from 3rd tries for Home, SAFE, no throw or cutoff
Batting: LHB Min-heui Im 0-0: Called Strike
0-1: SINGLE (Line Drive, 9S)
Gregg Wagner to third
Héctor Cortéz to second
Runner from 3rd tries for Home, SAFE, no throw or cutoff
Batting: LHB David Hubbard 0-0: Ball
1-0: Ball
2-0: Called Strike
2-1: Called Strike
2-2: Ball
3-2: Base on Balls
Héctor Cortéz to third
Min-heui Im to second
Batting: RHB Travis Newsome 0-0: Called Strike
0-1: Ball
1-1: Ball
2-1: Fly out, F8 (Flyball, 89XD)
Runner from 3rd tags up, SCORES, no throw
Batting: RHB Tony Farquharson 0-0: Called Strike
0-1: Called Strike
0-2: Foul Ball, location: 2F
0-2: Strikes out swinging
Bottom of the 4th over - 5 run(s), 5 hit(s), 0 error(s), 2 left on base; Ft. Worth 0 - Vancouver 8
TOP OF THE 5TH
Ft. Worth Cattlemen batting - Pitching for Vancouver Grey Wolves : RHP Willie Cameron
Batting: SHB Robby Day 0-0: Ball
1-0: Called Strike
1-1: Ball
2-1: Ball
3-1: Ground out 4-3 (Groundball, 4S)
Batting: RHB Jorge Rosa 0-0: Ball
1-0: Foul Ball, location: 2F
1-1: Ball
2-1: Fly out, F9 (Flyball, 9D)
Batting: RHB Alan Elder 0-0: Ball
1-0: Ball
2-0: Ball
3-0: Base on Balls
Batting: RHB Joey Morgan 0-0: Foul Ball, location: 2F
0-1: Ball
1-1: Ball
2-1: Fly out, F7 (Flyball, 7M)
Top of the 5th over - 0 run(s), 0 hit(s), 0 error(s), 1 left on base; Ft. Worth 0 - Vancouver 8
BOTTOM OF THE 5TH
Vancouver Grey Wolves batting - Pitching for Ft. Worth Cattlemen : RHP Don Miller
Batting: LHB Emílio Barbán 0-0: Called Strike
0-1: SINGLE (Line Drive, 56D)
Batting: RHB Danny Walsh 0-0: Ball
1-0: Foul Ball, location: 2F
1-1: Swinging Strike
1-2: Ball
2-2: Strikes out swinging
Batting: SHB Gregg Wagner 0-0: Foul Ball, location: 2F
0-1: Ball
1-1: Ball
2-1: SINGLE (Line Drive, 9S)
Emílio Barbán to second
Runner from 2nd tries for 3rd, OUT!
Gregg Wagner to second
Batting: LHB José Alonso 0-0: Ground out 3-1 (Groundball, 34S)
Bottom of the 5th over - 0 run(s), 2 hit(s), 0 error(s), 1 left on base; Ft. Worth 0 - Vancouver 8
TOP OF THE 6TH
Ft. Worth Cattlemen batting - Pitching for Vancouver Grey Wolves : RHP Willie Cameron
Batting: RHB Matt Sheppard 0-0: Called Strike
0-1: Ball
1-1: Ball
2-1: Ball
3-1: Called Strike
3-2: Base on Balls
Batting: RHB Bart Lewis 0-0: Ball
1-0: 2-RUN HOME RUN (Flyball, 7D), Distance : 363 ft
Batting: RHB Enrique Pérez 0-0: Ball
1-0: Called Strike
1-1: Ball
2-1: Ball
3-1: Base on Balls
Batting: LHB Ryan Westlake 0-0: Ball
1-0: Foul Ball, location: 2F
1-1: Fielders Choice at 2nd, 4-6 (Groundball, 4M)
Batting: RHB Júlio Maldonado 0-0: Ball
1-0: Swinging Strike
1-1: Foul Ball, location: 2F
1-2: Ground out 5-3 (Groundball, 5S)
Ryan Westlake to second
Batting: SHB Robby Day 0-0: Called Strike
0-1: Ball
1-1: Called Strike
1-2: Foul Ball, location: 2F
1-2: SINGLE (Line Drive, 89S)
Ryan Westlake to third
Runner from 3rd tries for Home, SAFE, no throw or cutoff
Batting: RHB Jorge Rosa 0-0: Ball
1-0: Ball
2-0: Ball
3-0: Fly out, F6 (Line Drive, 6)
Top of the 6th over - 3 run(s), 2 hit(s), 0 error(s), 1 left on base; Ft. Worth 3 - Vancouver 8
BOTTOM OF THE 6TH
Vancouver Grey Wolves batting - Pitching for Ft. Worth Cattlemen : RHP Don Miller
Batting: LHB Héctor Cortéz 0-0: Ball
1-0: Ball
2-0: Ball
3-0: Base on Balls
Batting: LHB Min-heui Im 0-0: Called Strike
0-1: Foul Ball, location: 2F
0-2: Ball
1-2: Ball
2-2: Ball
3-2: Foul Ball, location: 2F
3-2: Foul Ball, location: 2F
3-2: Foul Ball, location: 2F
3-2: Base on Balls
Héctor Cortéz to second
Batting: LHB David Hubbard 0-0: Called Strike
0-1: Swinging Strike
0-2: Foul Ball, location: 2F
0-2: Ball
1-2: Ball
2-2: Foul Ball, location: 2F
2-2: Foul Ball, location: 2F
2-2: Foul Ball, location: 2F
2-2: SINGLE (Line Drive, 89S)
Héctor Cortéz to third
Min-heui Im to second
Runner from 3rd tries for Home, SAFE, throw made home
Pitching: RHP Harold Taylor
Batting: RHB Travis Newsome 0-0: Ball
1-0: Ball
Wild Pitch!
Min-heui Im to third
David Hubbard to second
2-0: Called Strike
2-1: Fly out, F9 (Flyball, 9LM)
Runner from 3rd tags up, SCORES, throw made
Batting: RHB Tony Farquharson 0-0: Ball
1-0: Ball
2-0: Ball
3-0: Base on Balls
Batting: LHB Emílio Barbán 0-0: Ball
1-0: Foul Ball, location: 2F
1-1: 3-RUN HOME RUN (Flyball, 9D), Distance : 334 ft
Pitching: LHP Juan Sánchez
Batting: RHB Danny Walsh 0-0: Foul Ball, location: 2F
0-1: Swinging Strike
0-2: Strikes out swinging
Batting: SHB Gregg Wagner 0-0: Foul Ball, location: 2F
0-1: Ball
1-1: SINGLE (Line Drive, 6MD)
Batting: LHB José Alonso 0-0: Ball
Gregg Wagner is caught stealing 2nd base
Bottom of the 6th over - 5 run(s), 3 hit(s), 0 error(s), 0 left on base; Ft. Worth 3 - Vancouver 13
TOP OF THE 7TH
Ft. Worth Cattlemen batting - Pitching for Vancouver Grey Wolves : RHP Willie Cameron
Batting: RHB Alan Elder 0-0: Swinging Strike
0-1: Ball
1-1: Swinging Strike
1-2: Ball
2-2: Ground out 5-3 (Groundball, 56)
Batting: RHB Joey Morgan 0-0: Called Strike
0-1: Ball
1-1: Foul Ball, location: 2F
1-2: Ball
2-2: SINGLE (Line Drive, 78S)
Pitching: RHP Bill Ball
Batting: RHB Matt Sheppard 0-0: Ball
1-0: Called Strike
1-1: Ball
2-1: Swinging Strike
2-2: Strikes out looking
Batting: RHB Bart Lewis 0-0: Called Strike
0-1: Called Strike
0-2: Foul Ball, location: 2F
0-2: Ground out 6-3 (Groundball, 6)
Top of the 7th over - 0 run(s), 1 hit(s), 0 error(s), 1 left on base; Ft. Worth 3 - Vancouver 13
BOTTOM OF THE 7TH
Vancouver Grey Wolves batting - Pitching for Ft. Worth Cattlemen : LHP Juan Sánchez
Batting: LHB José Alonso 0-0: Ball
1-0: SINGLE (Line Drive, 4D)
Batting: LHB Héctor Cortéz 0-0: Called Strike
0-1: Ground out 3-1 (Groundball, 34)
José Alonso to second
Batting: LHB Min-heui Im 0-0: Called Strike
0-1: Ball
1-1: Foul Ball, location: 2F
1-2: Ball
2-2: Ball
3-2: Foul Ball, location: 2F
3-2: Strikes out swinging
Batting: LHB David Hubbard 0-0: Called Strike
0-1: Ball
1-1: Foul Ball, location: 2F
1-2: Strikes out swinging
Bottom of the 7th over - 0 run(s), 1 hit(s), 0 error(s), 1 left on base; Ft. Worth 3 - Vancouver 13
TOP OF THE 8TH
Ft. Worth Cattlemen batting - Pitching for Vancouver Grey Wolves : RHP Bill Ball
Now in RF: Eric O'Neill
Batting: RHB Enrique Pérez 0-0: Ball
1-0: Foul Ball, location: 2F
1-1: Ground out 5-3 (Groundball, 56S)
Batting: LHB Ryan Westlake 0-0: Ball
1-0: Called Strike
1-1: Called Strike
1-2: Ball
2-2: Ball
3-2: Base on Balls
Batting: RHB Júlio Maldonado 0-0: Ball
1-0: Ball
2-0: Swinging Strike
2-1: Ball
3-1: Base on Balls
Ryan Westlake to second
Batting: SHB Robby Day 0-0: Ball
1-0: Ball
2-0: Fielders Choice at 2nd, 4-6 (Groundball, 4)
Ryan Westlake to third
Batting: RHB Jorge Rosa 0-0: Called Strike
0-1: Ball
1-1: Ball
2-1: Called Strike
2-2: Foul Ball, location: 2F
2-2: SINGLE (Groundball, 56D)
Ryan Westlake scores
Robby Day to second
Batting: RHB Alan Elder 0-0: Ball
1-0: Swinging Strike
1-1: Ball
2-1: Foul Ball, location: 2F
2-2: Ball
3-2: Foul Ball, location: 2F
3-2: Foul Ball, location: 2F
3-2: SINGLE (Line Drive, 56)
Robby Day to third
Jorge Rosa to second
Robby Day scores
Jorge Rosa to third
Batting: RHB Joey Morgan 0-0: Called Strike
0-1: Ball
1-1: SINGLE (Line Drive, 6M)
Jorge Rosa scores
Alan Elder to second
Batting: RHB Matt Sheppard 0-0: Called Strike
0-1: Ball
1-1: Fielders Choice at 2nd, 5-4 (Groundball, 56)
Top of the 8th over - 3 run(s), 3 hit(s), 0 error(s), 1 left on base; Ft. Worth 6 - Vancouver 13
BOTTOM OF THE 8TH
Vancouver Grey Wolves batting - Pitching for Ft. Worth Cattlemen : LHP Juan Sánchez
Batting: RHB Travis Newsome 0-0: Foul Ball, location: 2F
0-1: Ball
1-1: Called Strike
1-2: Ball
2-2: Foul Ball, location: 2F
2-2: Ground out 4-3 (Groundball, 4M)
Pitching: LHP Ron Anderson
Batting: RHB Tony Farquharson 0-0: Ball
1-0: Swinging Strike
1-1: Swinging Strike
1-2: Ground out 5-3 (Groundball, 5L)
Batting: LHB Emílio Barbán 0-0: Ball
1-0: Foul Ball, location: 2F
1-1: Ball
2-1: Foul Ball, location: 2F
2-2: Hit by Pitch
Batting: RHB Danny Walsh 0-0: Ball
1-0: Called Strike
1-1: Ball
2-1: Swinging Strike
2-2: Foul Ball, location: 2F
2-2: Ball
3-2: Foul Ball, location: 2F
3-2: Ground out 5-3 (Groundball, 5S)
Bottom of the 8th over - 0 run(s), 0 hit(s), 0 error(s), 1 left on base; Ft. Worth 6 - Vancouver 13
TOP OF THE 9TH
Ft. Worth Cattlemen batting - Pitching for Vancouver Grey Wolves : RHP Bill Ball
Batting: RHB Bart Lewis 0-0: Ball
1-0: Ball
2-0: Foul Ball, location: 2F
2-1: Ball
3-1: Ground out 2-3 (Groundball, 25)
Pitching: RHP Joshua Barnes
Batting: RHB Enrique Pérez 0-0: Called Strike
0-1: Ball
1-1: Called Strike
1-2: Ball
2-2: Strikes out swinging
Batting: LHB Ryan Westlake 0-0: Ball
1-0: SINGLE (Line Drive, 78S)
Batting: RHB Júlio Maldonado 0-0: Ball
1-0: Called Strike
1-1: Swinging Strike
1-2: Strikes out swinging
Top of the 9th over - 0 run(s), 1 hit(s), 0 error(s), 1 left on base; Ft. Worth 6 - Vancouver 13
This league is powered by Out of the Park Baseball, the baseball management simulation game for PC, Mac and Linux
Monday, October 3rd, 2016 - OOTP Baseball 16.9 Build 39